[Event "Early-Titled-Tuesday-Blitz-November-28-2023"]
[Site "Chess.com"]
[Date "2023.11.28"]
[Round "2"]
[White "GaiozNigalidze"]
[Black "Valy02chess"]
[Result "1-0"]
[WhiteElo "2663"]
[BlackElo "2262"]
[TimeControl "180+1"]
[EndTime "8:17:19 PST"]
[Termination "GaiozNigalidze won on time"]

1. d4 e6 2. c4 b6 3. e4 Bb7 4.
Bd3 f5 5. Nc3 Bb4 6. d5 fxe4 7.
Bxe4 Nf6 8. Bf3 exd5 9. cxd5 O-O 10. Ne2 d6 11. O-O Nbd7 12. a3 Bxc3 13. Nxc3 Ne5 14. Be2 Qe7 15. Bg5 Qf7 16. Bxf6 Qxf6 17. Qd2 a6 18.
Rae1 Rae8 19. f4 Ng6 20. g3 Ne7 21. Bh5 g6 22. Re6 Qf5 23. Bf3 Nc8 24. Rfe1 Rxe6 25. Rxe6 Qf7 26. Qe2 b5 27. Bg4 Qg7 28. Qe3 Nb6 29.
Re7 Qf6 30. Be6+ Kh8 31. Rxc7 1-0

[Event "Early-Titled-Tuesday-Blitz-November-28-2023"]
[Site "Chess.com"]
[Date "2023.11.28"]
[Round "2"]
[White "szachuspl"]
[Black "GAusal"]
[Result "1-0"]
[WhiteElo "2516"]
[BlackElo "2295"]
[TimeControl "180+1"]
[EndTime "8:17:19 PST"]
[Termination "szachuspl won on time"]

1. d4 d5 2. c4 c6 3. Nf3 dxc4 4. g3 e6 5. Bg2 b5 6. O-O Nf6 7. Ne5 Bb7 8. a4 a6 9. Nc3 Be7 10. axb5 axb5 11. Rxa8 Bxa8 12. Nxb5 cxb5 13. Bxa8 O-O 14. Bf3 Qb6 15. Bg5 h6 16. Bf4 Nd5 17. Qd2 Nxf4 18.
Qxf4 Bd6 19. Qe4 Bxe5 20. Qxe5 Nd7 21. Qf4 Nf6 22. e3 b4 23. Rc1 Rc8 24. Qe5 b3 25. Rc3 Qa6 26. Be2 Qa1+ 27. Kg2 Qxb2 28. Rxc4 Qc2 29. Rxc8+ Qxc8 30. Qb5 Qc2 31. Bd3 Qc8 32.
Qxb3 Nd5 33. Be4 Nf6 34. Bf3 g5 35. h3 h5 36. Qb5 g4 37. Qg5+ Kf8 38. Qxf6 gxf3+ 39. Qxf3 Qc7 40. Qxh5 Qc6+ 41. Qf3 Qc2 42. h4 Qc1 43. h5 Qc2 44. h6 Qg6 45. Qf4 1-0

[Event "Early-Titled-Tuesday-Blitz-November-28-2023"]
[Site "Chess.com"]
[Date "2023.11.28"]
[Round "2"]
[White "Hikaru"]
[Black "subham777"]
[Result "1-0"]
[WhiteElo "3222"]
[BlackElo "2654"]
[TimeControl "180+1"]
[EndTime "8:17:22 PST"]
[Termination "Hikaru won by resignation"]

1. g3 d5 2. Bg2 Nf6 3. Nf3 e6 4. d3 Be7 5. Nbd2 O-O 6. O-O c5 7.
e4 dxe4 8. dxe4 Qc7 9. e5 Nd5 10. a3 Nc6 11. c4 Nb6 12. Re1 Rd8 13. h4 Nxc4 14. Qe2 Nxd2 15. Bxd2 Nd4 16. Nxd4 cxd4 17. Qb5 Bd7 18. Qb3 Bc6 19. Rac1 Qd7 20. Bxc6 bxc6 21. Bg5 Rab8 22. Qa4 Bxg5 23. hxg5 Rxb2 24. Qxc6 Qxc6 25. Rxc6 Rb7 26. Rd1 g6 27. Rd6 Rxd6 28. exd6 e5 29. f4 exf4 30. Rxd4 Rd7 31. gxf4 Kg7 32. Kf2 f6 33.
Ra4 fxg5 34. fxg5 Kf7 35. Ke3 Ke6 36. Ra6 Rxd6 37. Rxa7 Kf5 38. Ra5+ Kg4 39. a4 Rd7 40.
Rb5 Rf7 41. a5 Rf1 42. Kd3 Ra1 43. Kc3 Kh5 44. Kb2 Ra4 45. Kb3 Ra1 46. Kb4 Kg4 47. Rc5 Rb1+ 48. Kc4 Ra1 49. Kb5 Kh5 50. a6 h6 51. gxh6+ Kxh6 52. Kb6 g5 53. Ra5 Rb1+ 54. Rb5 Ra1 55. a7 Rxa7 56. Kxa7 g4 57. Kb6 g3 58. Rb3 Kg5 59. Rxg3+ 1-0

[Event "Early-Titled-Tuesday-Blitz-November-28-2023"]
[Site "Chess.com"]
[Date "2023.11.28"]
[Round "2"]
[White "IM_ArthurDW08"]
[Black "kuanysh1981"]
[Result "1-0"]
[WhiteElo "2776"]
[BlackElo "2444"]
[TimeControl "180+1"]
[EndTime "8:17:22 PST"]
[Termination "IM_ArthurDW08 won by resignation"]

1. e4 c5 2. Nf3 e6 3. d4 cxd4 4. Nxd4 a6 5. h4 Qc7 6. Nc3 Bb4 7. Bd2 Nf6 8. Qe2 Nc6 9. Nb3 Qe5 10. O-O-O Nd4 11. Nxd4 Qxd4 12. f3 Qb6 13. g4 d6 14.
g5 Nh5 15. Qh2 Bd7 16. a3 Bc5 17. Bh3 Be3 18. Bg4 Nf4 19. Rhe1 Bxd2+ 20. Rxd2 Ng6 21. Rxd6 Qc5 22. Red1 O-O-O 23. Nd5 exd5 24. Bxd7+ Rxd7 25. Rxd7 Rd8 26. Rxd8+ 1-0

[Event "Early-Titled-Tuesday-Blitz-November-28-2023"]
[Site "Chess.com"]
[Date "2023.11.28"]
[Round "2"]
[White "CSB7"]
[Black "Ron_Weasley_Chess"]
[Result "1-0"]
[WhiteElo "2726"]
[BlackElo "2388"]
[TimeControl "180+1"]
[EndTime "8:17:22 PST"]
[Termination "CSB7 won on time"]

1. e4 c6 2. Nf3 d5 3. d3 g6 4. e5 f6 5. d4 Bg7 6. h3 Nh6 7. Bd3 O-O 8. O-O g5 9. exf6 exf6 10.
c4 Be6 11. Re1 Qd7 12. cxd5 Bxd5 13. Nc3 Na6 14. Nxd5 cxd5 15. Qb3 Nc7 16. Bd2 b6 17. Rac1 Rac8 18. Rc3 Ne6 19. Qc2 Rxc3 20. bxc3 Bh8 21. c4 Rc8 22. Qb3 Nf7 23. cxd5 Nc7 24. d6 Qxd6 25.
Bc4 Rf8 26. Bb4 Qd7 27. Re7 1-0

[Event "Early-Titled-Tuesday-Blitz-November-28-2023"]
[Site "Chess.com"]
[Date "2023.11.28"]
[Round "2"]
[White "Kotlyar_K"]
[Black "EvgenyBurmakin"]
[Result "0-1"]
[WhiteElo "2669"]
[BlackElo "2400"]
[TimeControl "180+1"]
[EndTime "8:17:23 PST"]
[Termination "EvgenyBurmakin won on time"]

1. e4 c5 2. Nf3 d6 3. d4 cxd4 4. Qxd4 Nc6 5. Bb5 Bd7 6. Bxc6 Bxc6 7. Nc3 Nf6 8. Bg5 e6 9. O-O-O Be7 10. Qd3 O-O 11.
Nd4 Bd7 12. f3 a6 13. g4 b5 14. h4 b4 15. Nce2 Qa5 16. Kb1 Bb5 17. Qd2 Bc4 18. Nb3 Qb6 19. h5 a5 20. Be3 Qc7 21. g5 Nd7 22. g6 a4 23. Nbd4 b3 24. cxb3 axb3 25. gxh7+ Kh8 26. Nc3 bxa2+ 27. Ka1 Nc5 28. h6 g6 29. Bg5 e5 30. Nd5 Bxd5 31. exd5 exd4 32. Qxd4+ f6 0-1

[Event "Early-Titled-Tuesday-Blitz-November-28-2023"]
[Site "Chess.com"]
[Date "2023.11.28"]
[Round "2"]
[White "Ariadna_Atreides"]
[Black "ural58"]
[Result "0-1"]
[WhiteElo "2196"]
[BlackElo "2464"]
[TimeControl "180+1"]
[EndTime "8:17:23 PST"]
[Termination "ural58 won on time"]

1. d4 d5 2. Nf3 Nc6 3. Bf4 Bg4 4.
Nbd2 e6 5. h3 Bf5 6. c3 Bd6 7.
Bxd6 cxd6 8. e3 Nf6 9. Nh4 Be4 10. Nxe4 dxe4 11. g3 O-O 12. Ng2 Rb8 13. a4 Qb6 14. Qc2 Rfc8 15. Nf4 e5 16. dxe5 dxe5 17. Ng2 Nb4 18.
Qb1 Nd3+ 19. Bxd3 exd3 20. O-O e4 21. Rd1 Qb3 22. Ra3 Qc4 23. Rd2 a6 24. a5 h6 25.
Qd1 Rd8 26. Qa4 Qe6 27. Nf4 Qf5 28. Kh2 g5 29. Ng2 Rd5 30. c4 Re5 31. b4 Re7 32. b5 Qe5 33. Qb4 Kg7 34. bxa6 bxa6 35. Qa4 Rb1 36. Ra1 h5 37. Rxb1 h4 0-1

[Event "Early-Titled-Tuesday-Blitz-November-28-2023"]
[Site "Chess.com"]
[Date "2023.11.28"]
[Round "2"]
[White "VincentKeymer"]
[Black "vladgoncharov"]
[Result "1-0"]
[WhiteElo "3017"]
[BlackElo "2621"]
[TimeControl "180+1"]
[EndTime "8:17:25 PST"]
[Termination "VincentKeymer won by checkmate"]

1. a3 Nf6 2. Nf3 g6 3. b4 Bg7 4.
Bb2 O-O 5. g3 d6 6. Bg2 e5 7.
O-O c6 8. d3 h6 9. c4 Bg4 10. Nbd2 Nbd7 11. Rc1 Qe7 12. h3 Bxf3 13. Nxf3 a6 14. Qb3 Nh7 15. e4 Ng5 16. a4 a5 17. b5 Nc5 18. Qa3 Nge6 19. Rfd1 Nd4 20. Nxd4 exd4 21. Re1 h5 22. h4 g5 23. hxg5 Qxg5 24.
e5 h4 25. gxh4 Qxh4 26. exd6 Ne6 27. Re4 Qg5 28. Rce1 c5 29. Bc1 Qg6 30. Qa2 Rad8 31. Qe2 b6 32. Rg4 Qf6 33. Qe5 Qxe5 34. Rxe5 Rxd6 35. Bh6 Kh7 36. Be4+ Kxh6 37. Rh4# 1-0

[Event "Early-Titled-Tuesday-Blitz-November-28-2023"]
[Site "Chess.com"]
[Date "2023.11.28"]
[Round "2"]
[White "Mourinho_Jose"]
[Black "luckyswitchback"]
[Result "0-1"]
[WhiteElo "2532"]
[BlackElo "2782"]
[TimeControl "180+1"]
[EndTime "8:17:25 PST"]
[Termination "luckyswitchback won by resignation"]

1. Nf3 d5 2. g3 Nd7 3. d4 Nb6 4. Bg2 Bf5 5. O-O e6 6. a4 a5 7.
Nc3 Be7 8. Re1 Nf6 9. Nh4 Bg4 10. h3 Bh5 11. g4 Bg6 12. Nxg6 hxg6 13. e4 dxe4 14.
Nxe4 Nxe4 15. Rxe4 c6 16. c3 Bd6 17. Qb3 Qc7 18.
Bg5 Nd5 19. Rae1 O-O 20. c4 Nf6 21. Bxf6 gxf6 22. R4e2 Rad8 23. c5 Bh2+ 24. Kh1 Rxd4 25.
Rd1 Rfd8 26. Rxd4 Rxd4 27. Bf3 Be5 28. Kg2 Qe7 29. Qb6 Qc7 30. Qxc7 Bxc7 31. Re4 Rd2 32. b4 f5 33. gxf5 gxf5 34. Rc4 Rb2 35. bxa5 Bxa5 36.
Rc1 Bd2 37. Rd1 Be3 38. Kg3 Bxf2+ 39. Kf4 Bxc5 40. Ke5 Rb3 41. Bh5 Kg7 42. Rd7 Re3+ 43. Kf4 Re4+ 44. Kf3 Rxa4 45. Bxf7 Kf6 46. Rxb7 Ra3+ 47.
Kg2 Bd6 48. h4 Rg3+ 49. Kf2 Rg7 50. h5 Rxf7 0-1

[Event "Early-Titled-Tuesday-Blitz-November-28-2023"]
[Site "Chess.com"]
[Date "2023.11.28"]
[Round "2"]
[White "EdmundPlayer"]
[Black "Cheer_Down"]
[Result "0-1"]
[WhiteElo "2211"]
[BlackElo "2487"]
[TimeControl "180+1"]
[EndTime "8:17:25 PST"]
[Termination "Cheer_Down won by resignation"]

1. Nf3 d5 2. g3 Nf6 3. Bg2 e6 4. d3 Be7 5. O-O O-O 6. Nbd2 c5 7. e4 Nc6 8. Re1 b5 9. e5 Nd7 10. Nf1 Bb7 11. Bf4 Qb6 12. h3 Rfc8 13. N1h2 b4 14. Ng4 Bf8 15. c4 Nd4 16. Nxd4 cxd4 17. b3 dxc4 18. dxc4 Bxg2 19. Kxg2 h6 20. h4 Rd8 21.
Qf3 Nc5 22. Rad1 Qb7 23. Qxb7 Nxb7 24. Re4 Bc5 25. f3 a5 26. Nf2 a4 27. Nd3 axb3 28. axb3 Ra3 29. Nc1 Na5 30. Rd3 Ra1 31. Re1 Rb1 32.
Red1 Kf8 33. Be3 Ke8 34. Bxd4 Bxd4 35. Rxd4 Rxd4 36. Rxd4 Rxc1 37. c5 Nxb3 38. Rxb4 Nxc5 39. f4 h5 40. Kf3 g6 41. Rb5 Nd7 42. Ra5 Nb6 43.
Ra7 Nd5 44. Rb7 Kf8 45. Kf2 Kg7 46. Kf3 Rc3+ 47. Kf2 Ra3 48. Kg2 Kf8 49. Kf2 Ne7 50. Rb8+ Kg7 51. Rb7 Nf5 52. g4 hxg4 53. h5 gxh5 0-1

[Event "Early-Titled-Tuesday-Blitz-November-28-2023"]
[Site "Chess.com"]
[Date "2023.11.28"]
[Round "2"]
[White "FrenchMonster2002"]
[Black "kkpanu9"]
[Result "1-0"]
[WhiteElo "2431"]
[BlackElo "2038"]
[TimeControl "180+1"]
[EndTime "8:17:27 PST"]
[Termination "FrenchMonster2002 won on time"]

1. e4 c5 2. Nc3 d6 3. d4 cxd4 4. Qxd4 Nc6 5. Qd2 e5 6. b3 Nf6 7. Bb2 Be7 8. O-O-O O-O 9. Kb1 Be6 10. f3 a5 11. Bb5 Nb4 12. g4 Qb6 13. g5 Nh5 14. Nge2 Rfc8 15. h4 Rc7 16. a3 Nc6 17. a4 Na7 18. f4 exf4 19. Nxf4 Nxf4 20. Qxf4 Rac8 21. Rd3 Nxb5 22. axb5 a4 23. bxa4 Rc4 24. h5 Qc5 25. g6 Qb4 26. gxh7+ Kh8 27. h6 Rxc3 28. hxg7+ 1-0

[Event "Early-Titled-Tuesday-Blitz-November-28-2023"]
[Site "Chess.com"]
[Date "2023.11.28"]
[Round "2"]
[White "DeArron_Fox"]
[Black "Chemim21"]
[Result "1-0"]
[WhiteElo "2471"]
[BlackElo "2197"]
[TimeControl "180+1"]
[EndTime "8:17:28 PST"]
[Termination "DeArron_Fox won by resignation"]

1. d4 d5 2. c4 dxc4 3. e3 e6 4. Bxc4 c5 5. Nf3 Nf6 6. O-O a6 7. Be2 Nc6 8. dxc5 Qxd1 9. Rxd1 Bxc5 10. a3 Be7 11. b4 Bd7 12. Bb2 Rd8 13. Nbd2 O-O 14.
Nc4 Nd5 15. e4 Nf4 16. Bf1 b5 17. Nce5 Nxe5 18. Bxe5 Ng6 19. Bc7 Bc6 20. Bxd8 Bxd8 21. Rd6 Bxe4 22. Rxa6 Bxf3 23. gxf3 Bf6 24. Rc1 h5 25. Bxb5 h4 26. Bc6 h3 27. Ra8 Rxa8 28. Bxa8 Nf4 29. Rc8+ Kh7 30. Be4+ g6 31. a4 Be5 32.
Rc2 f5 33. Bc6 g5 34. a5 Nd3 35. b5 Bd4 36. b6 Nb4 37. Rc4 Nxc6 38. Rxc6 e5 39. a6 Bxb6 40. Rxb6 g4 41. fxg4 fxg4 42.
a7 e4 43. a8=Q e3 44. Qa7+ 1-0

[Event "Early-Titled-Tuesday-Blitz-November-28-2023"]
[Site "Chess.com"]
[Date "2023.11.28"]
[Round "2"]
[White "Nechitaylo_Nikita"]
[Black "YouShallNotPass001"]
[Result "0-1"]
[WhiteElo "2126"]
[BlackElo "2450"]
[TimeControl "180+1"]
[EndTime "8:17:28 PST"]
[Termination "YouShallNotPass001 won by resignation"]

1. d4 Nf6 2. c4 e6 3. Nc3 d5 4. cxd5 exd5 5. Bg5 Be7 6. e3 O-O 7. Bd3 c6 8. Qc2 Nbd7 9. Nf3 Re8 10. O-O a5 11. Rab1 h6 12. Bh4 Nf8 13. a3 Be6 14.
b4 axb4 15. axb4 b5 16. Ne5 Qb6 17. f4 N6d7 18. Bxe7 Rxe7 19. Qf2 Ra3 20. Rfc1 f6 21. Nxc6 Qxc6 22. Nxb5 Qa8 23. Nxa3 Qxa3 24. Qd2 Qa7 25. b5 Nb6 26. Ra1 Qb7 27. Rc6 Bf7 28. Qa5 Nc4 29.
Bxc4 dxc4 30. Rb1 Rxe3 31. Qa6 Qd7 32. Qb6 c3 33. Rc8 Qxc8 34. d5 c2 35. Rc1 Rd3 36.
d6 Rd1+ 37. Kf2 Rxc1 38. Qc6 Rf1+ 39. Kxf1 c1=Q+ 40. Qxc1 Qxc1+ 41. Kf2 Qd2+ 0-1

[Event "Early-Titled-Tuesday-Blitz-November-28-2023"]
[Site "Chess.com"]
[Date "2023.11.28"]
[Round "2"]
[White "scarabee43"]
[Black "SimplyDevina"]
[Result "1-0"]
[WhiteElo "2801"]
[BlackElo "2397"]
[TimeControl "180+1"]
[EndTime "8:17:29 PST"]
[Termination "scarabee43 won on time"]

1. Nf3 d5 2. e3 Nf6 3. c4 e6 4. Nc3 Be7 5. b3 O-O 6. Bb2 c5 7. cxd5 exd5 8. d4 b6 9. Be2 Bb7 10. O-O Nbd7 11. Rc1 a6 12. Qc2 Rc8 13. Rfd1 Qc7 14. Qf5 g6 15. Qh3 Rfd8 16. Ne1 Nf8 17. Nd3 Qd7 18. Qh6 cxd4 19. exd4 Ne6 20. Ne5 Qe8 21. Na4 b5 22. Nc5 Nxc5 23. dxc5 Bf8 24.
Qh4 Bg7 25. Bf3 Ba8 26. Nd3 Ne4 27. Bxg7 Kxg7 28. b4 Bc6 29. Re1 f6 30. Bg4 f5 31.
Bd1 Qf7 32. f3 Nf6 33. Ne5 Qc7 34. Nxc6 Qxc6 35. Re7+ Kg8 36. Qh6 1-0

[Event "Early-Titled-Tuesday-Blitz-November-28-2023"]
[Site "Chess.com"]
[Date "2023.11.28"]
[Round "2"]
[White "GKARU"]
[Black "Chessdude1987"]
[Result "1-0"]
[WhiteElo "2529"]
[BlackElo "2322"]
[TimeControl "180+1"]
[EndTime "8:17:29 PST"]
[Termination "GKARU won by checkmate"]

1. d4 e6 2. Nf3 f5 3. g3 Nf6 4. Bg2 Be7 5. O-O O-O 6. c4 d6 7.
Nc3 Ne4 8. Qb3 Nxc3 9. bxc3 c5 10.
a4 Nc6 11. Rd1 Qc7 12. Bf4 e5 13. dxe5 dxe5 14. Be3 f4 15. Bc1 Be6 16. Nd2 Na5 17.
Qa2 Kh8 18. Bd5 Bg4 19. f3 Bd7 20. Ne4 Rad8 21. Rb1 b6 22. Kg2 g5 23. g4 h5 24.
h3 Nb7 25. Bd2 Nd6 26. Be1 Nf7 27. a5 Nh6 28. Bf2 Kg7 29. Rh1 Rh8 30. Qb3 hxg4 31. hxg4 Nxg4 32. fxg4 Bxg4 33. axb6 axb6 34. Qxb6 Qxb6 35.
Rxb6 Rxh1 36. Kxh1 Bxe2 37. Rb7 Kf8 38. Nxc5 Rxd5 39.
cxd5 Bf3+ 40. Kg1 Bxd5 41. Rd7 Bc6 42. Rc7 Bf3 43. Ne6+ Ke8 44. Bc5 g4 45. Rxe7# 1-0

[Event "Early-Titled-Tuesday-Blitz-November-28-2023"]
[Site "Chess.com"]
[Date "2023.11.28"]
[Round "2"]
[White "wadsy27"]
[Black "GMBenjaminBok"]
[Result "0-1"]
[WhiteElo "2624"]
[BlackElo "3028"]
[TimeControl "180+1"]
[EndTime "8:17:30 PST"]
[Termination "GMBenjaminBok won by resignation"]

1. Nf3 d5 2. g3 c6 3. Bg2 Bg4 4.
c4 e6 5. O-O Nf6 6. Qb3 Qb6 7.
d3 Nbd7 8. Be3 Bc5 9. Bxc5 Nxc5 10. Qc3 Na4 11. Qc2 Bxf3 12. Bxf3 Qxb2 13. Qxb2 Nxb2 14.
Nc3 d4 15. Ne4 Nxe4 16. Bxe4 Na4 17. Rfb1 O-O-O 18. Rb4 Nc3 19. Bf3 Kc7 20. a4 f5 21.
a5 e5 22. Kf1 Rhf8 23. Ra3 Rb8 24. e3 Rfe8 25. exd4 exd4 26. c5 Nb5 27. Ra1 a6 28. Bd1 Re5 29. Rc1 Rd8 30. Ba4 Nc3 31. Bb3 Rxc5 32. Bc4 Rxa5 33. Be6 Re5 34. Bc4 b5 35. Bb3 0-1

[Event "Early-Titled-Tuesday-Blitz-November-28-2023"]
[Site "Chess.com"]
[Date "2023.11.28"]
[Round "2"]
[White "MIss_MIaMI"]
[Black "gshwbedhkhd"]
[Result "1-0"]
[WhiteElo "2389"]
[BlackElo "2613"]
[TimeControl "180+1"]
[EndTime "8:17:30 PST"]
[Termination "MIss_MIaMI won by resignation"]

1. e4 c6 2. d4 d5 3. exd5 cxd5 4. Bb5+ Bd7 5. Bd3 g6 6. h3 Bg7 7. Nf3 Nf6 8. O-O O-O 9. c3 Bf5 10. Re1 Nc6 11. Bf4 Bxd3 12. Qxd3 Ne4 13. Nbd2 Nxd2 14. Qxd2 Qb6 15. Re2 Rae8 16. Bh6 Na5 17. Bxg7 Kxg7 18. Ne5 f6 19. Nd7 Qd6 20. Nxf8 Rxf8 21. Rae1 Rf7 22. Re6 Qd7 23. Qe2 Nc6 24. b4 Ne5 25. Rxe5 fxe5 26.
Qxe5+ Kg8 27. Qb8+ Rf8 28. Qxa7 e6 29. Qb6 Rf6 30.
Re5 Qf7 31. f3 h6 32. a4 g5 33. a5 Rg6 34. b5 Qf4 35. Qd8+ Kh7 36. Qc7+ Rg7 37.
Qc5 h5 38. Rxe6 g4 39. Qxd5 Qc1+ 40. Kf2 Qd2+ 41. Re2 Qh6 42. Qe4+ Kg8 43. hxg4 hxg4 44. Qe6+ Qxe6 45. Rxe6 gxf3 46. gxf3 Rc7 47. Re3 Kf7 48. Ke2 Rc4 49. Kd3 Ra4 50. a6 bxa6 51. bxa6 Rxa6 52.
Re1 Rf6 53. Re3 Ra6 54. d5 Rd6 55. Kd4 1-0

[Event "Early-Titled-Tuesday-Blitz-November-28-2023"]
[Site "Chess.com"]
[Date "2023.11.28"]
[Round "2"]
[White "N18player"]
[Black "KaydenTroffChess"]
[Result "0-1"]
[WhiteElo "2465"]
[BlackElo "2790"]
[TimeControl "180+1"]
[EndTime "8:17:31 PST"]
[Termination "KaydenTroffChess won by checkmate"]

1. Nf3 Nf6 2. c4 g6 3. Nc3 Bg7 4. g3 O-O 5. Bg2 d5 6. O-O dxc4 7.
Qa4 Be6 8. Ng5 Bd5 9. Nxd5 Nxd5 10. Qxc4 c6 11. d3 Nd7 12. Rb1 h6 13. Ne4 N7b6 14. Qc2 a5 15. a3 Nd7 16. b3 f5 17. Nc5 Nxc5 18. Qxc5 Nc3 19. Rb2 Qd6 20. Qc4+ Kh7 21. Bf3 Nb5 22. Ra2 Nd4 23. Bf4 e5 24. Be3 Nxf3+ 25.
exf3 Rfd8 26. Rd1 Qd5 27. Kf1 Qxf3 28. Ke1 Rd5 29. Kd2 Rad8 30. Kc1 e4 31. d4 c5 32. Rad2 cxd4 33. Bxd4 Bxd4 34. Rxd4 Qxd1+ 35. Rxd1 Rxd1+ 36. Kc2 R1d2+ 37. Kc1 R8d7 38. Qe6 R2d6 39. Qe8 Rc6+ 40. Kb2 Rdc7 41. b4 a4 42. Qe5 Rc2+ 43. Kb1 Rc1+ 44. Kb2 R7c2# 0-1

[Event "Early-Titled-Tuesday-Blitz-November-28-2023"]
[Site "Chess.com"]
[Date "2023.11.28"]
[Round "2"]
[White "Gentlejimmy7"]
[Black "bascheyaro"]
[Result "0-1"]
[WhiteElo "2546"]
[BlackElo "2841"]
[TimeControl "180+1"]
[EndTime "8:17:32 PST"]
[Termination "bascheyaro won by resignation"]

1. c4 e6 2. g3 d5 3. Nf3 Nf6 4. Bg2 Be7 5. O-O O-O 6. d4 c6 7.
Nbd2 Nbd7 8. b3 b6 9. Bb2 Bb7 10. Ne5 Rc8 11. Rc1 a6 12. e4 dxe4 13. Nxe4 Nxe4 14. Bxe4 Nxe5 15. dxe5 Qc7 16. Qf3 Rfd8 17. Rfd1 g6 18. h4 Ba8 19. Rxd8+ Rxd8 20. Rd1 Rd7 21. h5 Bb7 22. Bc3 b5 23. Kg2 Bf8 24. Rxd7 Qxd7 25.
cxb5 axb5 26. a4 b4 27. Be1 Bc5 28. a5 Qc7 29. hxg6 hxg6 30. Qd3 Qxa5 31. Bxg6 Bf8 32. Bxf7+ Kxf7 33. Qd7+ Be7 34. Qxb7 Qd5+ 35. Kh2 c5 36. Qxd5 exd5 37. Kg2 c4 38. bxc4 dxc4 39. Kf3 b3 40. Bc3 Bb4 41. Bd4 c3 42. Ke2 b2 0-1

[Event "Early-Titled-Tuesday-Blitz-November-28-2023"]
[Site "Chess.com"]
[Date "2023.11.28"]
[Round "2"]
[White "ChessRespected"]
[Black "A-Fier"]
[Result "0-1"]
[WhiteElo "2523"]
[BlackElo "2750"]
[TimeControl "180+1"]
[EndTime "8:17:33 PST"]
[Termination "A-Fier won on time"]

1. d4 Nf6 2. Nf3 g6 3. g3 Bg7 4. Bg2 O-O 5. c4 d6 6. Nc3 Nc6 7. d5 Na5 8. b3 c5 9. Bb2 a6 10. O-O Rb8 11. a4 e6 12. dxe6 Bxe6 13. Ng5 Nc6 14.
e3 Qe7 15. Qd2 Na5 16. Qc2 Nc6 17. Rad1 Nd7 18. h4 Rbd8 19. Nce4 Nde5 20. h5 Nb4 21.
Qb1 f5 22. Nxe6 Qxe6 23. Nc3 Kh8 24. hxg6 Qxg6 25. Bxb7 h5 26. Bg2 h4 27. Nd5 hxg3 28. f4 Qh5 29. Rfe1 Qh2+ 30. Kf1 Nxd5 31. cxd5 Ng6 32.
Bxg7+ Kxg7 33. b4 Nh4 34. Qb2+ Kg6 35. bxc5 Rb8 36. Qc2 dxc5 37. e4 fxe4 38. Bxe4+ Kh5 39. Qe2+ Qxe2+ 40. Kxe2 Rxf4 41. Ke3 Kg4 42. Rf1 Rb3+ 43. Bd3 Rxf1 44. Rxf1 g2 45. Rg1 c4 46. Kd4 cxd3 47.
Kc4 Rb8 48. Kxd3 Kg3 49. Ke4 Re8+ 50. Kd3 Nf3 0-1

[Event "Early-Titled-Tuesday-Blitz-November-28-2023"]
[Site "Chess.com"]
[Date "2023.11.28"]
[Round "2"]
[White "PawnEatingZombie"]
[Black "ATM622"]
[Result "0-1"]
[WhiteElo "2183"]
[BlackElo "2461"]
[TimeControl "180+1"]
[EndTime "8:17:33 PST"]
[Termination "ATM622 won by resignation"]

1. e4 c6 2. Nf3 d5 3. exd5 cxd5 4. Ne5 Nf6 5. d4 Nc6 6. Bb5 Bd7 7. Nxd7 Qxd7 8.
O-O e6 9. c3 Bd6 10. Re1 a6 11. Bd3 h6 12. Nd2 Qc7 13. g3 g5 14. Nf3 Nd7 15. c4 dxc4 16. Bxc4 O-O-O 17. Be3 g4 18. Nh4 h5 19. Rc1 Nb6 20. Bf1 Nd5 21. a3 f5 22. Ng6 Rhg8 23. Ne5 Bxe5 24. dxe5 Nxe3 25. Qa4 Nxf1 26. Rxf1 Rd5 27. b4 Rgd8 28. Qb3 Rxe5 29. a4 Kb8 30. b5 axb5 31. axb5 Nd4 32. b6 Qxc1 33. Rxc1 Nxb3 0-1

[Event "Early-Titled-Tuesday-Blitz-November-28-2023"]
[Site "Chess.com"]
[Date "2023.11.28"]
[Round "2"]
[White "bescmelasti"]
[Black "wonderfultime"]
[Result "0-1"]
[WhiteElo "2647"]
[BlackElo "3069"]
[TimeControl "180+1"]
[EndTime "8:17:34 PST"]
[Termination "wonderfultime won by resignation"]

1. e4 c5 2. Nf3 Nf6 3. e5 Nd5 4. Nc3 e6 5. Ne4 f5 6. Nc3 Ne7 7. d4 cxd4 8. Nb5 Ng6 9. Qxd4 Nc6 10. Nd6+ Bxd6 11. Qxd6 Ngxe5 12. Nxe5 Qa5+ 13. Bd2 Qxe5+ 14.
Qxe5 Nxe5 15. Bc3 d6 16. f4 Nf7 17. Bxg7 Rg8 18. Bc3 Bd7 19. O-O-O Bc6 20. Rg1 Kd7 21. g3 Be4 22. Bg2 Bxg2 23. Rxg2 Rac8 24. Rd4 d5 25. Re2 Nd6 26. Rb4 b6 27. Be5 Ne4 28. Re3 Kc6 29. b3 Kb7 30. Kb2 h5 31. c4 a5 32. Rb5 Ka6 33.
a4 dxc4 34. bxc4 Rxc4 35. Reb3 Rc6 36. Bd4 Rb8 37. Re5 Nd2 38. Rc3 Nc4+ 39. Rxc4 Rxc4 40. Bc3 Rbc8 0-1

[Event "Early-Titled-Tuesday-Blitz-November-28-2023"]
[Site "Chess.com"]
[Date "2023.11.28"]
[Round "2"]
[White "nindjaxx8"]
[Black "Iball95"]
[Result "0-1"]
[WhiteElo "2471"]
[BlackElo "2857"]
[TimeControl "180+1"]
[EndTime "8:17:34 PST"]
[Termination "Iball95 won by checkmate"]

1. d4 d5 2. c4 e6 3. Nc3 c5 4. e3 Nf6 5. cxd5 exd5 6. Nf3 Nc6 7. Be2 cxd4 8. Nxd4 Bc5 9. O-O O-O 10. Bf3 Ne5 11. b3 Re8 12. Bb2 Nxf3+ 13. Qxf3 Bg4 14. Qg3 Qd7 15. h3 Bh5 16. Qg5 Bg6 17. Rad1 Rac8 18.
Rfe1 a6 19. Qh4 Be7 20. Qg3 Bd6 21. Qh4 Bb4 22. Nde2 Ne4 23. Nxd5 Bxe1 24. Nf6+ Nxf6 25. Rxd7 Nxd7 26. Ng3 Rc2 27. Qd4 Bxf2+ 28. Kh2 Nf6 29. Nf1 h5 30. h4 Re4 31. Qd8+ Kh7 32. Bxf6 gxf6 33. g3 Bxe3+ 34. Kh1 Rd4 35. Qxf6 Be4+ 36. Qf3 Bxf3# 0-1

[Event "Early-Titled-Tuesday-Blitz-November-28-2023"]
[Site "Chess.com"]
[Date "2023.11.28"]
[Round "2"]
[White "Gnechko_Ruslan"]
[Black "igorkovalenko"]
[Result "0-1"]
[WhiteElo "2407"]
[BlackElo "2901"]
[TimeControl "180+1"]
[EndTime "8:17:34 PST"]
[Termination "igorkovalenko won by resignation"]

1. d4 Nf6 2. Nf3 d5 3. c4 e6 4. Nc3 Nbd7 5. cxd5 exd5 6. Bg5 c6 7. e3 Be7 8. Bd3 h6 9. Bh4 O-O 10. O-O Re8 11.
Qc2 a5 12. Bg3 Nh5 13. Be5 Nxe5 14. dxe5 Bg4 15. Bh7+ Kh8 16. Bf5 Bxf3 17. gxf3 Bb4 18. f4 Bxc3 19. bxc3 Qh4 20. Qe2 g6 21. Qg4 Qxg4+ 22.
Bxg4 Ng7 23. a4 Re7 24. Rab1 Ne8 25. Rb6 f6 26. exf6 Nxf6 27. Bf3 Rd8 28. Rfb1 Rdd7 29.
Kg2 Kg7 30. h3 Ne8 31. Bg4 Rc7 32. Be2 Nd6 33. Bd3 Kf6 34. R6b2 g5 35. fxg5+ hxg5 36. Rc1 Re5 37. c4 dxc4 38. Bxc4 Rc5 39. Rbc2 b5 40. Bb3 Rxc2 41. Rxc2 b4 42. Rc5 Nb7 43. Rc2 c5 44. Bd5 Nd6 45. e4 c4 46. h4 c3 47. hxg5+ Kxg5 48. Kg3 Nc4 49. f4+ Kf6 50. e5+ Kf5 51. Kf3 Nd2+ 52. Ke3 b3 53. Be4+ Nxe4 0-1

[Event "Early-Titled-Tuesday-Blitz-November-28-2023"]
[Site "Chess.com"]
[Date "2023.11.28"]
[Round "2"]
[White "kuli4ik"]
[Black "Journey_to_GrandMaster_YT"]
[Result "1-0"]
[WhiteElo "2861"]
[BlackElo "2561"]
[TimeControl "180+1"]
[EndTime "8:17:37 PST"]
[Termination "kuli4ik won by checkmate"]

1. Nf3 d6 2. d4 Nf6 3. g3 Nbd7 4. Bg2 e5 5. O-O e4 6. Nfd2 d5 7.
c4 c6 8. Nc3 Bd6 9. Qb3 Qb6 10.
c5 Qxb3 11. axb3 Bc7 12. b4 b6 13. b5 bxc5 14. bxc6 Nb8 15. Nb5 Kd8 16. dxc5 Nxc6 17. Rd1 Bd7 18. Nb3 Be5 19. Bg5 Nb4 20. N3d4 a6 21.
Nd6 Ke7 22. N4f5+ Kf8 23. Ne3 Bc6 24. Bxf6 Bxf6 25. Rab1 Ke7 26. Nef5+ Ke6 27. Bh3 Ke5 28. f4+ exf3 29. exf3 d4 30. f4+ Kd5 31. Rbc1 d3 32. Ne3+ Kd4 33. Ndf5+ Ke4 34. Bg2# 1-0